 Dungeon Crawl Stone Soup version 0.29-a0-284-gf9362112df (webtiles) character file.

Game seed: 14813812066177186244

3271 spaghetti the Demolition Demonspawn (level 9, -3/61 HPs)
             Began as a Demonspawn Transmuter on Mar 22, 2022.
             Was an Elder of Makhleb.
             Slain by a two-headed ogre
             ... wielding a +0 giant club
              (21 damage)
             ... on level 8 of the Dungeon.
             The game lasted 00:15:31 (6733 turns).

spaghetti the Demolition Demonspawn (DsTm)          Turns: 6733, Time: 00:15:32

Health: -3/61      AC: 15    Str: 11    XL:     9   Next: 68%
Magic:  19/19      EV:  5    Int: 23    God:    Makhleb [****..]
Gold:   320        SH:  5    Dex: 17    Spells: 11/14 levels left

rFire   + . .      SeeInvis +   n - +1 short sword (venom) {short}
rCold   . . .      Faith    .   (no shield)
rNeg    . . .      Spirit   .   E - +2 chain mail {rPois}
rPois   +          Reflect  +   (helmet unavailable)
rElec   .          Harm     .   A - +2 cloak
rCorr   .          Rampage  .   m - +1 pair of gloves
Will    .....                   (boots currently unavailable)
Stlth   ..........              y - amulet of reflection
HPRegen 0.20/turn               l - +4 ring of slaying
MPRegen 0.16/turn               u - ring of Qonousch {Contam rF+ Int+6 Dex+2 Stlth+}

@: appendages, very slightly contaminated
A: talons 2, antennae 3, powered by pain 1, demonic touch 2
a: End Transformation, Renounce Religion, Minor Destruction, Lesser Servant of
Makhleb, Major Destruction


You were on level 8 of the Dungeon.
You worshipped Makhleb.
Makhleb was greatly pleased with you.
You had temporarily grown beastly talons.
You visited 1 branch of the dungeon, and saw 8 of its levels.
You also visited: Sewer.

You collected 320 gold pieces.


Innate Abilities, Weirdness & Mutations

You have temporarily grown beastly talons.
You have a pair of large antennae on your head. (SInv)
You sometimes gain a little power by taking damage.
Your touch may inflict irresistible damage on your foes.


   Skills:
 + Level 1.7 Fighting
 - Level 1.7 Dodging
 - Level 2.6 Unarmed Combat
 - Level 3.0 Spellcasting
 + Level 7.0 Transmutations
 - Level 2.0 Poison Magic
 - Level 14.0 Invocations


You had 11 spell levels left.
You knew the following spells:

 Your Spells              Type           Power      Damage    Failure   Level
a - Beastly Appendage     Tmut           70%        N/A       38%         1
b - Wereblood             Tmut           35%        N/A       52%         2

Your spell library contained the following spells:

 Spells                   Type           Power      Damage    Failure   Level
 Passwall                 Tmut/Erth      15%        N/A       95%         2
 Spider Form              Tmut/Pois      24%        N/A       98%         3
 Animate Skeleton         Necr           6%         N/A       100%        1
 Apportation              Tloc           6%         N/A       100%        1
 Summon Small Mammal      Summ           12%        N/A       100%        1
 Ensorcelled Hibernation  Hex/Ice        6%         N/A       100%        2
 Dazzling Flash           Conj/Hex       6%         N/A       100%        3
 Swiftness                Air            3%         N/A       100%        3
 Ice Form                 Ice/Tmut       19%        N/A       100%        4
 Agony                    Necr           3%         N/A       100%        5
 Silence                  Hex/Air        1%         N/A       100%        5

Inventory:

Hand Weapons
 d - a +0 short sword {short}
   (You took it off a kobold on level 1 of the Dungeon)
 f - a +3 dagger of draining {short}
   (You took it off a kobold on level 1 of the Dungeon)
 i - a +0 rapier {short}
   (You found it on level 5 of the Dungeon)
 n - a +1 short sword of venom (weapon) {short}
   (You took it off a kobold on level 3 of the Dungeon)
 L - a +4 short sword {short}
   (You took it off a kobold on level 8 of the Dungeon)
Missiles
 a - 7 boomerangs {throwing}
 g - 255 stones {throwing}
 D - 4 javelins {throwing}
 J - a curare-tipped dart {=fthrowing}
 N - 10 poisoned darts {throwing}
Armour
 m - a +1 pair of gloves (worn)
   (You found it on level 2 of the Dungeon)
 A - a +2 cloak (worn)
   (You found it on level 4 of the Dungeon)
 E - a +2 chain mail of poison resistance (worn)
   (You took it off an orc on level 4 of the Dungeon)
Jewellery
 h - a ring of wizardry
   (You found it on level 1 of the Dungeon)
 j - a ring of resist corrosion
   (You found it on level 2 of the Dungeon)
 l - a +4 ring of slaying (left hand)
   (You found it on level 3 of the Dungeon)
 o - a ring of poison resistance
   (You found it on level 3 of the Dungeon)
 u - the ring of Qonousch (right hand) {Contam rF+ Int+6 Dex+2 Stlth+}
   (You acquired it in a sewer)

   [ring of intelligence]

   Int:       It affects your intelligence (+6).
   Dex:       It affects your dexterity (+2).
   rF:        It protects you from fire.
   Contam:    It causes magical contamination when unequipped.
   Stlth:     It makes you more stealthy.
 y - an amulet of reflection (around neck)
   (You found it on level 4 of the Dungeon)
 G - a ring of willpower
   (You found it on level 5 of the Dungeon)
Wands
 B - a wand of polymorph (10)
   (You took it off Ijyb on level 4 of the Dungeon)
 F - a wand of paralysis (13)
   (You found it on level 5 of the Dungeon)
 K - a wand of acid (8)
   (You found it on level 6 of the Dungeon)
Scrolls
 s - a scroll of enchant armour
 v - a scroll of amnesia
 x - a scroll of vulnerability {!r!r}
 C - 2 scrolls of fear
 H - a scroll of silence {unknown}
 I - a scroll of immolation {unknown}
 M - a scroll of torment {!r}
Potions
 b - a potion of lignification {!q}
 c - 2 potions of curing {@q1}
 e - a potion of attraction {unknown}
 k - a potion of berserk rage {unknown}
 p - 4 potions of heal wounds {unknown}
 q - 2 potions of invisibility {unknown}
 r - a potion of mutation {unknown}
 t - 3 potions of degeneration {unknown}
 w - a potion of ambrosia {unknown}
 z - a potion of magic {unknown}
 O - a potion of cancellation {unknown}

Dungeon Overview and Level Annotations

Branches:
Dungeon (8/15)             Temple (0/1) D:4           Sewer (visited)
   Lair: D:8-11

Altars:
Gozag
Makhleb
Nemelex Xobeh
Xom
The Shining One

Shops:
D:2 [

Annotations:
D:6 2 runed translucent doors
D:8 3 runed translucent doors

##........##
###)........#
###...........#
...............#
####...........#
#.........###
#.....>..##
##....##.#
##.####@# ## #O#
#.. #... #....
...... .......
........


You could see a two-headed ogre (extremely poisoned).


Message History

The kobold hits you but does no damage.
Items here: $ (( ))))) [ †††††.
You puncture the kobold!
You feel a bit better.
You kill the kobold!
Makhleb accepts your kill.
You feel better. 😕 HP[+3]
You regained 3 hp, and now have 45/59 hp.
You start resting.
You howl as the wereblood boils in your veins! x2
Your primal bloodlust is almost over.
Your primal bloodlust has ended.
You feel a little less mighty now. 😎 HP[+14]
Your hp is fully restored (59).
You now have 320 gold pieces (gained 12).
N - 7 poisoned darts {throwing} (gained 2)
g - 248 stones {throwing} (gained 1)
Items here: ))))) [ †††††.
g - 251 stones {throwing} (gained 3)
N - 10 poisoned darts {throwing} (gained 3)
Things that are here:
a +0 whip {mace}; a +0 short sword {short}; a kobold corpse
Items here: ))))) [ †††††.
g - 255 stones {throwing} (gained 4)
Things that are here:
a +0 short sword {short}; a kobold corpse
Found a stone staircase leading down.
A bullfrog comes into view.
The bullfrog gives a loud, deep croak!
Casting: Beastly Appendage (safe; 38% risk of failure)
Press: ? - help, Q - select action, (/) - cycle Dir - look around, f - activate You miscast Beastly Appendage.
You are very lightly contaminated with residual magic.
Nothing appears to happen. 😎 MP[-1]
You lost 1 mp, and now have 18/19 mp.
You hit the bullfrog.
The bullfrog is poisoned.
You touch the bullfrog.
The bullfrog hits you but does no damage.
The bullfrog barely misses you.
You puncture the bullfrog!
The bullfrog looks as sick as possible!
The bullfrog hits you but does no damage.
The bullfrog barely misses you.
You closely miss the bullfrog.
You touch the bullfrog.
You punch the bullfrog.
You kill the bullfrog!
Makhleb accepts your kill. 😎 HP[+2]
You now have 61 max hp (+2).
Your hp is fully restored (61).
Unknown command.
Your magical contamination has completely faded away. 😎 MP[+1]
Your mp is fully restored (19).
A two-headed ogre comes into view. It is wielding two +0 giant clubs.
The two-headed ogre shouts in stereo!
A two-headed ogre is nearby!
Casting: Beastly Appendage (safe; 38% risk of failure)
Press: ? - help, Q - select action, (/) - cycle Dir - look around, f - activate Your feet morph into talons. 😎 MP[-1]
You lost 1 mp, and now have 18/19 mp.
Casting: Beastly Appendage (safe; 38% risk of failure)
Confirm with . or Enter, or press ? or * to list all spells.
You miscast Wereblood.
You are very lightly contaminated with residual magic.
Nothing appears to happen. 😎 MP[-2]
You lost 2 mp, and now have 16/19 mp.
Casting: Wereblood (dangerous; 52% risk of failure)
Confirm with . or Enter, or press ? or * to list all spells.
You miscast Wereblood.
Nothing appears to happen. 😎 MP[-2]
You lost 2 mp, and now have 14/19 mp.
You puncture the two-headed ogre! You block the two-headed ogre's attack.
The two-headed ogre barely misses you.
You hit the two-headed ogre.
The two-headed ogre is poisoned.
The two-headed ogre hits you but does no damage.
The two-headed ogre hits you with a +0 giant club!!
You focus on the pain.
You feel your power returning. 😮 HP[-24] MP[+5]
You take 24 damage, and now have 37/61 hp.
MASSIVE DAMAGE!! (PAUSE)
Your mp is fully restored (19).
You hit the two-headed ogre.
The two-headed ogre looks as sick as possible!
Your kick misses the two-headed ogre.
You touch the two-headed ogre.
You block the two-headed ogre's attack. x2
You hit the two-headed ogre. You claw the two-headed ogre!
You hit the two-headed ogre.
The two-headed ogre looks as sick as possible!
Your kick misses the two-headed ogre.
The two-headed ogre completely misses you.
The two-headed ogre hits you with a +0 giant club. 😮 HP[-5]
You take 5 damage, and now have 32/61 hp.
You hit the two-headed ogre.
The two-headed ogre hits you with a +0 giant club!
* * * LOW HITPOINT WARNING * * *
The two-headed ogre hits you with a +0 giant club!!
You die...

Skill      XL: |  1  2  3  4  5  6  7  8  9 |
---------------+----------------------------+-----
Transmutations | 2 3 4 5 6 7 |  7.0
Spellcasting   | 3 |  3.0
Poison Magic   | 1 2 |  2.0
Invocations    | 1 2 4 6 8 11 14 | 14.0
Fighting       | |  1.7
Dodging        | |  1.7
Unarmed Combat | |  2.6

Action                   |  1- 3 |  4- 6 |  7- 9 || total
-------------------------+-------+-------+-------++-------
Melee: Unarmed           |     9 |    14 |       ||    23
       Short sword       |    27 |   124 |   197 ||   348
       Headbutt          |     7 |     2 |       ||     9
       Kick              |    10 |    10 |     9 ||    29
       Dagger            |    64 |       |       ||    64
       Touch             |     5 |    13 |    38 ||    56
       Punch             |       |     2 |     6 ||     8
 Cast: Beastly Appendage |    15 |     7 |     3 ||    25
       Wereblood         |     1 |    12 |     2 ||    15
Invok: Minor Destruction |       |       |    14 ||    14
  Use: Scroll            |     2 |     7 |     2 ||    11
 Stab: Sleeping          |     1 |     2 |       ||     3
Armor: Robe              |     7 |       |       ||     7
       Leather armour    |    10 |    34 |       ||    44
       Chain mail        |       |    10 |   130 ||   140
       Skin              |       |     3 |       ||     3
Dodge: Dodged            |    55 |    85 |    43 ||   183
Block: Other             |       |     5 |    59 ||    64
       Reflection        |       |       |     4 ||     4

Levels and vault maps discovered:
D:1:      dpeg_arrival_stonehenge_8_columns, layout_basic,
          ebering_ecumenical_altar_hall, minmay_lizard_pond
D:2:      layout_loops_ring, basic_altar, serial_shops,
          nicolae_shop_behind_doors
D:3:      layout_basic, gup_sewer_entry_bowl, chequers_serial_rivers_micro_d,
          uniq_crazy_yiuf_cottage, uniq_terence, uniq_robin
D:4:      layout_rooms, minmay_temple_entry_stoned_glass, grunt_ministairs_4,
          uniq_ijyb
D:5:      layout_basic
D:6:      layout_rooms, nicolae_overflow_crystal_walls, jmf_multi_god_temple2,
          amethyst_overflow_temple_binary
D:7:      layout_cave_pools
D:8:      layout_cave_pods, lemuel_tele_altar, gammafunk_ghost_cemetery

Notes
Turn   | Place    | Note
-------+----------+-------------------------------------------
     0 | D:1      | spaghetti the Demonspawn Transmuter began the quest for the
                  | Orb.
     0 | D:1      | Reached XP level 1. HP: 15/15 MP: 3/3
     0 | D:1      | magus.rc [v1.9.6]
    26 | D:1      | Reached skill level 2 in Transmutations
   111 | D:1      | Gained mutation: You sometimes gain a little power by
                  | taking damage. [demonic ancestry]
   111 | D:1      | Reached XP level 2. HP: 6/21 MP: 5/5
   572 | D:1      | Found a faded altar of an unknown god.
   577 | D:1      | Prayed at the altar of an unknown god.
   577 | D:1      | Became a worshipper of Makhleb the Destroyer
   577 | D:1      | Reached * piety under Makhleb
   948 | D:1      | Learned a level 2 spell: Wereblood
  1091 | D:2      | Identified the +1 leather armour of Limited Liability
                  | {rElec}
  1133 | D:2      | You feel monstrous as your demonic heritage exerts itself.
  1133 | D:2      | Discovered your monstrous ancestry.
  1133 | D:2      | Gained mutation: Your touch may inflict minor irresistible
                  | damage on your foes. [demonic ancestry]
  1133 | D:2      | Reached XP level 3. HP: 25/26 MP: 5/7
  1452 | D:2      | You pick up a book of Cantrips and begin reading...
  1452 | D:2      | You add the spells Animate Skeleton, Summon Small Mammal
                  | and Apportation to your library.
  1555 | D:2      | Found Nedoeqoi's Armour Boutique.
  1854 | D:2      | Reached skill level 3 in Spellcasting
  1854 | D:2      | Reached skill level 1 in Poison Magic
  2081 | D:3      | Reached ** piety under Makhleb
  2297 | D:3      | You pick up a book of the Senses and begin reading...
  2297 | D:3      | You add the spells Dazzling Flash, Agony and Silence to
                  | your library.
  2311 | D:3      | Noticed Terence
  2323 | D:3      | Killed Terence
  2324 | D:3      | Reached skill level 1 in Invocations
  2324 | D:3      | Reached XP level 4. HP: 32/32 MP: 2/8
  2420 | D:3      | Reached skill level 3 in Transmutations
  2423 | D:3      | Reached skill level 2 in Invocations
  2425 | D:3      | Gained mutation: Your touch may inflict irresistible damage
                  | on your foes. [demonic ancestry]
  2425 | D:3      | Reached XP level 5. HP: 34/37 MP: 6/9
  2464 | D:3      | Reached skill level 2 in Poison Magic
  2464 | D:3      | Reached skill level 3 in Invocations
  2464 | D:3      | Noticed Robin
  2469 | D:3      | Killed Robin
  2583 | D:3      | Reached skill level 4 in Invocations
  2655 | D:3      | Gained mutation: You have a pair of small antennae on your
                  | head. [demonic ancestry]
  2655 | D:3      | Reached XP level 6. HP: 41/43 MP: 7/10
  2665 | D:3      | Found a glowing drain.
  2669 | Sewer    | Entered a sewer
  2777 | Sewer    | Reached *** piety under Makhleb
  2878 | Sewer    | Identified a scroll of acquirement
  2878 | Sewer    | Acquired the ring of Qonousch {Contam rF+ Int+6 Dex+2
                  | Stlth+}
  3025 | Sewer    | Reached skill level 5 in Invocations
  3224 | D:3      | Found a runed translucent door.
  3225 | D:3      | Noticed Crazy Yiuf
  3402 | D:3      | Killed Crazy Yiuf
  3599 | D:4      | Reached skill level 4 in Transmutations
  3681 | D:4      | You pick up a book of Burglary and begin reading...
  3681 | D:4      | You add the spells Passwall, Ensorcelled Hibernation and
                  | Swiftness to your library.
  3694 | D:4      | Noticed Ijyb
  3725 | D:4      | Killed Ijyb
  3726 | D:4      | Reached skill level 6 in Invocations
  3924 | D:4      | Found a staircase to the Ecumenical Temple.
  4241 | D:5      | Entered Level 5 of the Dungeon
  4279 | D:5      | Gained mutation: You have a pair of antennae on your head.
                  | [demonic ancestry]
  4279 | D:5      | Reached XP level 7. HP: 48/48 MP: 10/12
  4335 | D:5      | Reached skill level 7 in Invocations
  4542 | D:5      | Reached skill level 8 in Invocations
  4780 | D:5      | Reached skill level 5 in Transmutations
  4808 | D:5      | Gained mutation: You have a pair of large antennae on your
                  | head. (SInv) [demonic ancestry]
  4808 | D:5      | Reached XP level 8. HP: 54/54 MP: 12/14
  4815 | D:5      | Reached **** piety under Makhleb
  4979 | D:5      | Reached skill level 9 in Invocations
  5294 | D:6      | Reached skill level 10 in Invocations
  5321 | D:6      | Found a large runed translucent door.
  5322 | D:6      | Found a large runed translucent door.
  5341 | D:6      | Reached skill level 6 in Transmutations
  5419 | D:6      | Found a shimmering altar of Xom.
  5434 | D:6      | Reached skill level 11 in Invocations
  5652 | D:6      | Reached XP level 9. HP: 29/59 MP: 15/17
  5832 | D:6      | Found an opulent altar of Gozag.
  5844 | D:6      | Found a burning altar of Makhleb.
  6314 | D:8      | Reached skill level 12 in Invocations
  6406 | D:8      | Found a runed translucent gate.
  6407 | D:8      | Found a runed translucent gate.
  6408 | D:8      | Found a runed translucent gate.
  6541 | D:8      | Found a sparkling altar of Nemelex Xobeh.
  6569 | D:8      | Reached skill level 7 in Transmutations
  6574 | D:8      | Reached skill level 13 in Invocations
  6587 | D:8      | Reached skill level 14 in Invocations
  6723 | D:8      | Noticed a two-headed ogre
  6733 | D:8      | Slain by a two-headed ogre

Vanquished Creatures
  6 yaks (D:8)
  A steam dragon (D:6)
  An ice beast (D:6)
  4 black bears
  2 sky beasts
  An ogre (D:6)
  2 centaurs
  2 phantoms (D:5)
  3 kobold brigands
  2 bullfrogs
  A necrophage (D:4)
  A gnoll sergeant (D:5)
  A scorpion (D:6)
  2 hounds
  4 orc priests
  Crazy Yiuf (D:3)
  Ijyb (D:4)
  5 iguanas
  Terence (D:3)
  2 orc wizards
  Robin (D:3)
  5 gnolls (D:5)
  4 river rats
  10 adders
  A white imp (D:7)
  An ufetubus (D:4)
  2 worms (D:2)
  2 dart slugs (D:1)
  6 orcs
  5 endoplasms
  2 giant cockroaches
  16 goblins
  12 hobgoblins
  3 jackals (D:4)
  3 quokkas
  7 ball pythons
  13 frilled lizards
  24 kobolds
  13 rats
173 creatures vanquished.

Table legend:
 A = Non-vault XP
 B = Vault XP
 C = Vault XP percentage of total XP
 D = Non-vault monster count
 E = Vault monster count
 F = Vault count percentage of total count
                 A         B        C        D         E       F
            +---------+---------+-------+---------+---------+-------
      Total |    4404 |     270 |   5.8 |     128 |      45 |  26.0
            +---------+---------+-------+---------+---------+-------
        D:1 |      29 |       8 |  21.6 |      16 |       8 |  33.3
        D:2 |      48 |       0 |   0.0 |      18 |       0 |   0.0
        D:3 |     222 |     127 |  36.4 |      15 |      16 |  51.6
        D:4 |     162 |      42 |  20.6 |      14 |       2 |  12.5
        D:5 |     881 |       0 |   0.0 |      21 |       0 |   0.0
        D:6 |    1188 |       0 |   0.0 |      15 |       0 |   0.0
        D:7 |     340 |       0 |   0.0 |       7 |       0 |   0.0
        D:8 |    1534 |       0 |   0.0 |      22 |       0 |   0.0
      Sewer |       0 |      93 | 100.0 |       0 |      19 | 100.0
            +---------+---------+-------+---------+---------+-------

Illustrated notes

Table legend:
 A = Kills in this place as a percentage of kills in entire the game.
 B = Kills by you in this place as a percentage of kills by you in the entire game.
 C = Kills by friends in this place as a percentage of kills by friends in the entire game.
 D = Other kills in this place as a percentage of other kills in the entire game.
 E = Experience gained in this place as a percentage of experience gained in the entire game.
 F = Experience gained in this place divided by the number of levels of this place that you have seen.
                   A       B       C       D       E      F
               +-------+-------+-------+-------+-------+----------------------
         Total | 100.0 | 100.0 |   N/A |   N/A | 100.0 | 519.3
       Dungeon |  89.0 |  89.0 |   N/A |   N/A |  98.0 | 572.6
         Sewer |  11.0 |  11.0 |   N/A |   N/A |   2.0 |  93.0
               +-------+-------+-------+-------+-------+----------------------

Table legend: (Time is in decaauts)
 A = Elapsed time spent in this place.
 B = Non-inter-level travel time spent in this place.
 C = Inter-level travel time spent in this place.
 D = Time resting spent in this place.
 E = Time spent auto-exploring this place.
 F = Levels seen in this place.
 G = Mean time per level.
                   A        B        C        D        E       F      G
               +--------+--------+--------+--------+--------+-----+--------+
         Total |   6813 |   6648 |    165 |    939 |   4390 |   9 |  757.0 |
       Dungeon |   6316 |   6151 |    165 |    939 |   4078 |   8 |  789.5 |
         Sewer |    497 |    497 |      0 |      0 |    312 |   1 |  497.0 |
               +--------+--------+--------+--------+--------+-----+--------+

Top non-repeatable levels by time:
     D:1: 1085 daAuts
     D:3: 1047 daAuts
     D:2: 992 daAuts
     D:6: 938 daAuts
     D:5: 785 daAuts
     D:4: 677 daAuts
   Sewer: 497 daAuts
     D:8: 438 daAuts
     D:7: 352 daAuts
